 Dungeon Crawl Stone Soup version 0.17.0-56-gd8de76c (console) character file.

177 Kloppie the Conjurer (level 5, 0/31 HPs)
             Began as a High Elf Conjurer on Dec 6, 2015.
             Slain by an unseen horror (8 damage)
             ... on level 5 of the Dungeon.
             The game lasted 00:06:40 (3923 turns).

Kloppie the Conjurer (High Elf Conjurer)            Turns: 3923, Time: 00:06:40

Health: 0/31       AC:  2    Str:  7    XL:     5   Next: 30%
Magic:  12/12      EV: 13    Int: 20    God:
Gold:   79         SH:  0    Dex: 15    Spells: 4 memorised, 0 levels left

rFire  . . .     SeeInvis .     l - +0 spear
rCold  . . .     Clarity  .     a - +0 robe
rNeg   . . .     SustAt   +     (no shield)
rPois  .         Gourm    .     (no helmet)
rElec  .         Spirit   .     (no cloak)
rCorr  .         Warding  .     (no gloves)
rMut   .         Stasis   .     (no boots)
MR     .....                    (no amulet)
Stlth  ++........               (no ring)
                                k - ring of sustain attributes

@: not resistant to hostile enchantments, unstealthy
A: no striking features
a: no special abilities


You were on level 5 of the Dungeon.
You were very hungry.

You visited 1 branch of the dungeon, and saw 5 of its levels.

You collected 79 gold pieces.

Inventory:

Hand Weapons
 d - a +0 dagger
 l - a +0 spear (weapon)
Armour
 a - a +0 robe (worn)
 f - a +1 pair of boots
Rods
 e - a +0 lightning rod (12/12)
   (You found it on level 5 of the Dungeon)
Jewellery
 k - a ring of sustain attributes (left hand)
Scrolls
 s - 2 scrolls of teleportation
Potions
 g - a potion of might
 i - a potion of brilliance
 p - a potion of agility
 q - 2 potions of curing
 r - a potion of invisibility {unknown}
 u - a potion of flight
Books
 b - a book of Conjurations

   Spells                             Type                      Level
   a - Magic Dart                     Conjuration                  1
   b - Searing Ray                    Conjuration                  2
   c - Dazzling Spray                 Conjuration/Hexes            3
   d - Fulminant Prism                Conjuration/Hexes            4
   e - Iskenderun's Mystic Blast      Conjuration                  4
   f - Iskenderun's Battlesphere      Conjuration/Charms           5
Comestibles
 c - 2 bread rations
 h - 2 beef jerkies
 m - a meat ration


   Skills:
 + Level 0.0 Fighting
 - Level 3.2 Dodging
 - Level 2.1 Stealth
 - Level 4.3 Spellcasting
 + Level 5.7 Conjurations
 + Level 0.0 Charms


You couldn't memorise any spells.
You knew the following spells:

 Your Spells              Type           Power        Failure   Level  Hunger
a - Magic Dart            Conj           ####         1%          1    None
b - Searing Ray           Conj           ####..       1%          2    #......
c - Iskenderun's Mystic   Conj           ####....     14%         4    ####...
d - Iskenderun's Battles  Conj/Chrm      ###.....     95%         5    ######.


Dungeon Overview and Level Annotations

Branches:
Dungeon (5/15)
 Temple: D:4-7

Altars:
Okawaru

Shops:
D:4 (

Annotations:
D:3 Grinder


Message History

You continue memorising. x4
You finish memorising.
Spell assigned to 'd'.
Found a stone staircase leading down.
Found 17 stones.
Found 15 arrows.
Found a pair of embroidered boots.
e - a weird jewelled rod You see here a pair of embroidered boots.
f - a pair of embroidered boots Wear which item? (? for menu, Esc to quit)
Something hits you.
Keep equipping yourself?
You stop putting on your armour.
Deactivating autopickup; reactivate with Ctrl-A.
Something hits you! Something hits you. Something hits you!
* * * LOW HITPOINT WARNING * * *
Something hits you!
You die...

.............#
.............##
..............#
..............##
.#.............#
###............##
#.............#
##......(...#.##
#..........#.@#
###.......###.#
######### #..
##.# ##


There were no monsters in sight!

Vanquished Creatures
  A worker ant (D:4)
  A hound skeleton (D:5)
  5 adders
  2 gnolls (D:1)
  2 oozes (D:4)
  A worm (D:3)
  An adder skeleton (D:4)
  7 giant geckos
  An orc (D:4)
  2 ball pythons
  3 giant cockroaches (D:1)
  5 goblins
  10 hobgoblins
  4 jackals (D:2)
  3 quokkas
  A bat (D:1)
  A giant newt (D:2)
  4 kobolds
  A quokka skeleton (D:5)
  5 rats
60 creatures vanquished.

Vanquished Creatures (others)
  4 toadstools (D:1)
4 creatures vanquished.

Grand Total: 64 creatures vanquished

Notes
Turn   | Place    | Note
--------------------------------------------------------------
     0 | D:1      | Kloppie the High Elf Conjurer began the quest for the Orb.
     0 | D:1      | Reached XP level 1. HP: 11/11 MP: 4/4
   426 | D:1      | Reached XP level 2. HP: 17/17 MP: 3/6
   841 | D:1      | Learned a level 2 spell: Searing Ray
   871 | D:1      | Reached skill level 5 in Conjurations
   987 | D:1      | Reached XP level 3. HP: 21/21 MP: 8/8
  1900 | D:2      | Reached XP level 4. HP: 27/27 MP: 7/10
  1906 | D:2      | Learned a level 4 spell: Iskenderun's Mystic Blast
  2591 | D:2      | Found an iron altar of Okawaru.
  2905 | D:3      | Noticed Grinder
  3260 | D:4      | Reached XP level 5. HP: 22/31 MP: 6/12
  3513 | D:4      | Found Qaujeyv's Weapon Emporium.
  3833 | D:5      | Entered Level 5 of the Dungeon
  3897 | D:5      | Learned a level 5 spell: Iskenderun's Battlesphere
  3923 | D:5      | Slain by an unseen horror

Action                   |  1- 3 |  4- 6 || total
-------------------------+-------+-------++-------
Melee: Dagger            |    18 |       ||    18
       Spear             |     8 |    32 ||    40
 Cast: Magic Dart        |    70 |    61 ||   131
       Searing Ray       |       |     2 ||     2
  Use: Scroll            |       |    10 ||    10
 Stab: Sleeping          |     1 |     2 ||     3
  Eat: Chunk             |     3 |     5 ||     8
